 Dungeon Crawl Stone Soup version 0.30-a0-723-gc1506a1cf0 (webtiles) character file.

Game seed: 14201837745655087210

69 oldmanjim the Trooper (level 4, -1/40 HPs)
             Began as a Hill Orc Fighter on Jan 27, 2023.
             Slain by an iguana (3 damage)
             ... on level 4 of the Dungeon on Jan 28, 2023.
             The game lasted 00:11:30 (2394 turns).

oldmanjim the Trooper (Hill Orc Fighter)            Turns: 2394, Time: 00:11:30

Health: -1/40      AC: 10    Str: 20    XL:     4   Next: 20%
Magic:  4/4        EV:  7    Int:  8    God:
Gold:   43         SH:  4    Dex: 10    Spells: 3/3 levels left

rFire   . . .      SeeInvis .    a - +0 war axe
rCold   . . .      Faith    .    c - +0 buckler
rNeg    . . .      Spirit   .    p - +0 chain mail {rPois}
rPois   +          Reflect  .    (no helmet)
rElec   .          Harm     .    (no cloak)
rCorr   .          Rampage  .    b - +0 pair of gloves
Will    .....                    (no boots) Stlth
                                 (no amulet)
HPRegen 0.26/turn                (no ring)
MPRegen 0.09/turn                (no ring)

@: no status effects
A: no striking features
a: no special abilities


You were on level 4 of the Dungeon.
You visited 1 branch of the dungeon, and saw 4 of its levels.

You collected 194 gold pieces.
You spent 151 gold pieces at shops.

Inventory:

Hand Weapons
 a - a +0 war axe (weapon)
Missiles
 e - 41 stones (quivered)
 n - 6 atropa-tipped darts
Armour
 b - a +0 pair of gloves (worn)
 c - a +0 buckler (worn)
 p - a +0 chain mail of poison resistance (worn)
Wands
 r - a wand of charming (13)
Scrolls
 f - a scroll of torment {unknown}
 g - 2 scrolls of poison {unknown}
 i - 4 scrolls of identify {unknown}
 k - 2 scrolls of teleportation
 m - a scroll of magic mapping {unknown}
 q - a scroll of blinking {unknown}
 t - a scroll of immolation {unknown}
Potions
 d - 3 potions of might
 h - a potion of lignification {unknown}
 j - a potion of heal wounds
 l - 2 potions of curing
 o - 3 potions of flight {unknown}
 s - a potion of degeneration {unknown}


   Skills:
 + Level 4.2 Fighting
 + Level 3.6 Axes
 - Level 4.0 Armour
 + Level 3.9 Shields


You had 3 spell levels left.
You didn't know any spells.
Your spell library contained the following spells:

 Spells                   Type           Power      Damage    Failure   Level
 Apportation              Tloc           0%         N/A       99%         1
 Necrotise                Necr           0%         1d4       99%         1
 Summon Small Mammal      Summ           0%         N/A       99%         1
 Blink                    Tloc           0%         N/A       100%        2
 Lesser Beckoning         Tloc           0%         N/A       100%        2
 Momentum Strike          Conj/Tloc      0%         3d8       100%        2
 Anguish                  Hex/Necr       0%         N/A       100%        4
 Enfeeble                 Hex            0%         N/A       100%        7


Dungeon Overview and Level Annotations

Branches:
Dungeon (4/15)
 Temple: D:4-7

Altars:
Cheibriados
Dithmenos
Nemelex Xobeh

Shops:
D:1 [![*   D:2 (!(=   D:4 *[?

Annotations:
D:4 Blork the orc


Message History

t - a scroll labelled WORACER JIWNITS
Found a shortbow.
You see here a +0 shortbow.
An iguana comes into view.
The iguana hisses angrily.
You hit the iguana.
The iguana is moderately wounded.
The iguana barely misses you.
You hit the iguana.
The iguana is heavily wounded.
The iguana bites you! The iguana bites you.
You barely miss the iguana.
The iguana is heavily wounded.
The iguana bites you.
You hit the iguana.
The iguana is severely wounded.
The iguana bites you.
You hit the iguana but do no damage.
The iguana is severely wounded.
The iguana barely misses you. The iguana bites you!
You are too injured to fight recklessly!
You are too injured to fight recklessly!
You are too injured to fight recklessly!
You closely miss the iguana.
The iguana is severely wounded.
The iguana bites you.
* * * LOW HITPOINT WARNING * * *
You hit the iguana but do no damage.
The iguana is severely wounded.
The iguana bites you.
* * * LOW HITPOINT WARNING * * *
The iguana bites you but does no damage.
You hit the iguana.
The iguana is severely wounded.
The iguana bites you.
* * * LOW HITPOINT WARNING * * *
You hit the iguana.
The iguana is almost dead.
The iguana bites you.
You die...

##.# #.# #... #.#
#..# #.# #..# #.#
#..# #.# #..##
#.# ... #.# #l#
#.#######@######
#...)............
#################


You could see an iguana.

Vanquished Creatures
  2 adders (D:3)
  A dart slug (D:3)
  7 bats
  7 endoplasms
  3 giant cockroaches
  4 goblins
  A hobgoblin (D:1)
  4 jackals
  5 kobolds
  3 ball pythons
  2 frilled lizards
  7 rats
46 creatures vanquished.

Notes
Turn   | Place    | Note
-------+----------+-------------------------------------------
     0 | D:1      | oldmanjim the Hill Orc Fighter began the quest for the Orb.
     0 | D:1      | Reached XP level 1. HP: 19/19 MP: 1/1
   149 | D:1      | Found Nioq's Armour Emporium.
   192 | D:1      | Reached XP level 2. HP: 26/27 MP: 2/2
   460 | D:1      | Found Zasiosm's Armour Shop.
   464 | D:1      | Found Puzed's Distillery.
   472 | D:1      | Bought a potion of heal wounds for 70 gold pieces
   608 | D:1      | Found Geischog's General Store.
   965 | D:2      | Found Fetele Omuma's Jewellery Shop.
  1051 | D:2      | Reached XP level 3. HP: 30/33 MP: 3/3
  1118 | D:2      | Found Fiep's Weapon Boutique.
  1146 | D:2      | Upgraded the game from 0.30-a0-722-g3e6e8c874d to
                  | 0.30-a0-723-gc1506a1cf0
  1161 | D:2      | Found Ibriroergh's Distillery.
  1168 | D:2      | Bought a potion of curing for 42 gold pieces
  1202 | D:2      | Found Gusk's Antique Weapon Boutique.
  1518 | D:3      | Found a shadowy altar of Dithmenos.
  1706 | D:3      | Reached XP level 4. HP: 40/40 MP: 4/4
  1780 | D:3      | Found a snail-covered altar of Cheibriados.
  1780 | D:3      | Found a sparkling altar of Nemelex Xobeh.
  2067 | D:4      | Found Asaesid's Armour Shoppe.
  2071 | D:4      | Found Rarroh's Magic Scroll Boutique.
  2071 | D:4      | Found Piom's Assorted Antiques.
  2076 | D:4      | Bought a scroll of teleportation for 39 gold pieces
  2110 | D:4      | Noticed Blork the orc
  2110 | D:4      | Noticed a phantom
  2393 | D:4      | HP: 2/40 [iguana (5)]
  2394 | D:4      | Slain by an iguana

Illustrated notes

Levels and vault maps discovered:
D:1:      dpeg_arrival_subterranean_lakeside_camping, layout_basic,
          serial_shops, shop_fountains, nicolae_shop_stone, shop_fountains, shop
D:2:      layout_rooms, serial_shops, nicolae_shop_stone, shop_statue,
          nicolae_shop_hallway_plus, nicolae_shop_bloodbath_and_beyond
D:3:      layout_basic, gammafunk_temple_overflow_elements,
          nicolae_dithmenos_shadow_blocks, nicolae_kite_square_tiling_tiny,
          glass_columns_b, kennysheep_nondescript
D:4:      layout_loops_ring, nicolae_wooded_promenade, uniq_edmund, uniq_robin,
          uniq_blork_the_orc

Skill      XL: |  1  2  3  4 |
---------------+-------------+-----
Axes           | 3 |  3.6
Fighting       | 4 |  4.2
Armour         | 4 |  4.0
Shields        | |  3.9

Action                     |  1- 3 |  4- 6 || total
---------------------------+-------+-------++-------
  Melee: War axe           |    96 |    24 ||   120
    Use: Scroll            |       |     1 ||     1
 Armour: Scale mail        |    26 |       ||    26
         Chain mail        |    25 |     8 ||    33
  Dodge: Dodged            |    46 |     9 ||    55
  Block: Buckler           |    20 |     5 ||    25

Table legend: (Time is in decaauts)
 A = Elapsed time spent in this place.
 B = Non-inter-level travel time spent in this place.
 C = Inter-level travel time spent in this place.
 D = Time resting spent in this place.
 E = Time spent auto-exploring this place.
 F = Levels seen in this place.
 G = Mean time per level.
                   A        B        C        D        E       F      G
               +--------+--------+--------+--------+--------+-----+--------+
         Total |   2439 |   2333 |    106 |     79 |   1863 |   4 |  609.8 |
       Dungeon |   2439 |   2333 |    106 |     79 |   1863 |   4 |  609.8 |
               +--------+--------+--------+--------+--------+-----+--------+

Top non-repeatable levels by time:
     D:1: 965 daAuts
     D:3: 943 daAuts
     D:2: 319 daAuts
     D:4: 211 daAuts
